 Dungeon Crawl Stone Soup version 0.30.1-11-g7821555f0a (webtiles) character file.

Game seed: 14882581886399312233

572 Ekaitz the Gusty (level 7, -1/60 HPs)
             Began as a Tengu Air Elementalist on Dec 22, 2023.
             Slain by a water moccasin (4 damage)
             ... on level 5 of the Dungeon.
             The game lasted 00:08:41 (4394 turns).

Ekaitz the Gusty (Tengu Air Elementalist)           Turns: 4394, Time: 00:08:41

Health: -1/60      AC: 23    Str:  9    XL:     7   Next: 34%
Magic:  6/12       EV:  2    Int: 17    God:
Gold:   202        SH:  0    Dex: 14    Spells: 2/12 levels left

rFire   . . .        k - +0 dagger
rCold   . . .        (no shield)
rNeg    . . .        a - melded +0 robe
rPois   +            (helmet currently unavailable)
rElec   .            m - melded scarf {repulsion}
rCorr   .            (gloves currently unavailable)
SInv    .            (boots unavailable)
Will    .....        s - amulet of magic regeneration
Stlth   ++           (no ring)
HPRegen 0.30/turn    (no ring)
MPRegen 0.53/turn

%: no passive effects
@: tree-form
A: stationary, stasis, torment immunity, boosted hp, (beak), (talons 3), nimble
flight
a: no special abilities


You were on level 5 of the Dungeon.
You were a tree.
You visited 1 branch of the dungeon, and saw 5 of its levels.

You collected 202 gold pieces.

Inventory:

Hand Weapons
 k - a +0 dagger (weapon)
Missiles
 i - 4 javelins
 l - 7 poisoned darts
Armour
 a - a +0 robe (melded)
 j - a +2 buckler
 m - a scarf of repulsion (melded)
Jewellery
 s - an amulet of magic regeneration (around neck)
Scrolls
 c - a scroll of immolation {unknown}
 d - 7 scrolls of identify {unknown}
 e - 2 scrolls of blinking {unknown}
 h - a scroll of noise {unknown}
 n - a scroll of teleportation {unknown}
 p - a scroll of fog {unknown}
 r - 2 scrolls of magic mapping {unknown}
Potions
 b - a potion of magic
 f - 2 potions of degeneration {unknown}
 g - 2 potions of lignification
 o - 2 potions of flight {unknown}
 q - 2 potions of ambrosia {unknown}
 t - a potion of resistance {unknown}
 u - a potion of haste {unknown}


   Skills:
 * Level 2.4 Fighting
 + Level 0.2 Short Blades
 * Level 3.6 Dodging
 + Level 2.6 Stealth
 * Level 2.2 Shields
 + Level 3.2 Spellcasting
 * Level 4.1 Conjurations
 * Level 6.4 Air Magic


You had 2 spell levels left.
You knew the following spells:

 Your Spells              Type           Power      Damage    Failure   Level
a - Shock                 Conj/Air       80%        1d8       1%          1
b - Static Discharge      Conj/Air       40%        2-4/arc   3%          2
c - Swiftness             Air            24%        N/A       3%          3
d - Airstrike             Air            12%        2d(2-18)  12%         4

Your spell library contained the following spells:

 Spells                   Type           Power      Damage    Failure   Level
 Vhi's Electric Charge    Tloc/Air       26%        N/A       14%         3
 Hailstorm                Conj/Ice       9%         3d4       22%         3
 Arcjolt                  Conj/Air       10%        1d20      50%         5
 Ice Form                 Ice/Tmut       2%         N/A       86%         4
 Simulacrum               Ice/Necr       1%         N/A       100%        6
 Maxwell's Capacitive Co  Air            12%        ∞         100%        8


Dungeon Overview and Level Annotations

Branches:
Dungeon (5/15)
 Temple: D:4-7

Altars:
Trog

Shops:
D:4 *


Innate Abilities, Weirdness & Mutations

You are a tree.
Your roots penetrate the ground, keeping you stationary.
You cannot be teleported.
You are immune to unholy pain and torment.
Your maximum health is greatly increased.
Your equipment is partially melded.
((You have a beak for a mouth.))
((You have claws for feet.))
Your magical nature lets you fly swiftly and evasively.


Message History

The sleepcap is moderately damaged.
The howler monkey is struck by an arc of lightning.
The howler monkey is severely wounded.
The lightning grounds out.
The sleepcap releases spores at you.
* * * LOW HITPOINT WARNING * * *
Unknown command.
Casting: Static Discharge (safe; 3% risk of failure)
Confirm with . or Enter, or press ? or * to list all spells.
The sleepcap is struck by an arc of lightning.
The sleepcap is moderately damaged.
The howler monkey is struck by an arc of lightning.
The howler monkey is almost dead.
The sleepcap is struck by an arc of lightning.
The sleepcap is heavily damaged.
The lightning grounds out.
The sleepcap releases spores at you but does no damage.
The howler monkey hoots and howls with incredible vigour!
You hear a bark!
You hear a shout!
Unknown command.
Casting: Static Discharge (safe; 3% risk of failure)
Confirm with . or Enter, or press ? or * to list all spells.
The sleepcap is struck by an arc of lightning.
The sleepcap is severely damaged.
The water moccasin is struck by an arc of lightning.
The water moccasin is moderately wounded.
The howler monkey is struck by an arc of lightning.
You kill the howler monkey!
The sleepcap is struck by an arc of lightning.
The sleepcap is almost destroyed.
The lightning grounds out.
The sleepcap releases spores at you but does no damage.
Your Conjurations skill increases to level 4!
Casting: Static Discharge (safe; 3% risk of failure)
Confirm with . or Enter, or press ? or * to list all spells.
The sleepcap is struck by an arc of lightning.
You destroy the sleepcap!
You are struck by an arc of lightning.
* * * LOW HITPOINT WARNING * * *
The lightning grounds out.
The water moccasin bites you.
You die...

..$##. ### ...
..#.#....... ..#
.........##.# ..#
...(......##.#
..#...........##.###
..#...........##...#
..#...........##♣# #
........#.....†S##.##
..###...#.##..#.#....
..........##..#...#
..........##....#.#..
.........(###.#.#...#
.......##.......#.#.#
..#########.###...#...
..# #.# ###.# #.


You could see a water moccasin.

Vanquished Creatures
  A scorpion (D:3)
  A howler monkey (D:5)
  4 hounds (D:4)
  2 orc priests
  A gnoll bouda (D:4)
  A sleepcap (D:5)
  2 orc wizards
  4 gnolls (D:4)
  8 adders
  3 dart slugs (D:1)
  16 orcs
  5 ball pythons
  8 endoplasms
  2 giant cockroaches (D:3)
  7 hobgoblins
  7 jackals
  3 quokkas
  3 bats
  A frilled lizard (D:2)
  6 goblins
  5 kobolds
  3 rats
93 creatures vanquished.

Notes
Turn   | Place    | Note
-------+----------+-------------------------------------------
     0 | D:1      | Ekaitz the Tengu Air Elementalist began the quest for the
                  | Orb.
     0 | D:1      | Reached XP level 1. HP: 10/10 MP: 4/4
   621 | D:1      | Reached XP level 2. HP: 15/15 MP: 4/6
   624 | D:1      | Learned a level 2 spell: Static Discharge
  1163 | D:2      | You fall into a shaft and drop 2 floors!
  1181 | D:4      | Reached XP level 3. HP: 10/20 MP: 2/7
  1294 | D:4      | Reached skill level 5 in Air Magic
  1294 | D:4      | Reached XP level 4. HP: 9/24 MP: 0/8
  1298 | D:4      | Learned a level 3 spell: Swiftness
  1542 | D:3      | Found a bloodstained altar of Trog.
  1740 | D:2      | Reached skill level 1 in Shields
  1740 | D:2      | Gained mutation: Your magical nature lets you fly swiftly
                  | and evasively. [Tengu growth]
  1740 | D:2      | Reached XP level 5. HP: 15/28 MP: 1/9
  2767 | D:3      | Reached skill level 1 in Fighting
  2785 | D:3      | Found a faded altar of an unknown god.
  3012 | D:3      | Reached XP level 6. HP: 34/34 MP: 7/10
  3017 | D:3      | Learned a level 4 spell: Airstrike
  3560 | D:4      | Found Bintahua's Lightly-Used Armoury.
  3736 | D:4      | Reached skill level 6 in Air Magic
  3963 | D:4      | Reached XP level 7. HP: 23/40 MP: 8/12
  4205 | D:5      | Entered Level 5 of the Dungeon
  4394 | D:5      | HP: 3/60 [/static electricity (3)]
  4394 | D:5      | Slain by a water moccasin

Illustrated notes

Levels and vault maps discovered:
D:1:      dpeg_arrival_arbitrary_a, layout_basic
D:2:      layout_basic
D:3:      layout_rooms, mainiacjoe_overflow_catwalk,
          shapermc_ecumenical_altar_flowoftime
D:4:      layout_basic, kennysheep_path_1, grunt_decor_one_mirror, hex_large,
          minmay_misc_feat_square, minmay_shop_damaged
D:5:      layout_loops_cross, nicolae_concentric_dashed_squares_wild

Skill      XL: |  1  2  3  4  5  6  7 |
---------------+----------------------+-----
Conjurations   | 2 3 4 |  4.1
Air Magic      | 5 6 |  6.4
Dodging        | 3 |  3.6
Shields        | 1 2 |  2.2
Fighting       | 1 2 |  2.4
Spellcasting   | 3 |  3.2
Short Blades   | |  0.2
Stealth        | |  2.6

Action                     |  1- 3 |  4- 6 |  7- 9 || total
---------------------------+-------+-------+-------++-------
  Melee: Dagger            |       |    19 |     7 ||    26
         Peck              |       |     5 |       ||     5
         Kick              |       |     6 |     1 ||     7
   Cast: Shock             |    48 |   124 |    13 ||   185
         Static Discharge  |     1 |    14 |     4 ||    19
         Airstrike         |       |     1 |       ||     1
    Use: Potion            |       |       |     1 ||     1
   Stab: Sleeping          |       |     3 |     2 ||     5
 Armour: Robe              |     2 |    12 |     2 ||    16
         Skin              |       |       |     6 ||     6
  Dodge: Dodged            |    12 |    48 |     7 ||    67
